 Dungeon Crawl Stone Soup version 0.28-a0-2-g643f2454ad (webtiles) character file.

Game seed: 13873658282075350341

96 Sweetruy1997 the Grave Robber (level 4, -9/36 HPs)
             Began as a Deep Dwarf Necromancer on July 22, 2021.
             Killed by divine providence
             ... invoked by an orc priest
              (12 damage)
             ... on level 3 of the Dungeon.
             The game lasted 00:09:21 (2162 turns).

Sweetruy1997 the Grave Robber (DDNe)                Turns: 2162, Time: 00:09:21

Health: -9/36      AC:  4    Str: 11    XL:     4   Next: 41%
Magic:  1/7        EV: 12    Int: 17    God:
Gold:   93         SH:  0    Dex: 13    Spells: 2/8 levels left

rFire   . . .      SeeInvis .   a - +0 dagger
rCold   . . .      Faith    .   (no shield)
rNeg    . . .      Spirit   .   b - +0 leather armour
rPois   .          Reflect  .   (no helmet)
rElec   .          Harm     .   d - +0 cloak
rCorr   .          Rampage  .   (no gloves)
Will    .....                   (no boots)
Stlth   ++........              (no amulet)
HPRegen 0.00/turn               (no ring)
MPRegen 0.10/turn               (no ring)

@: no status effects
A: damage resistance, heal wounds, sense surroundings 1, no regeneration
a: Heal Wounds


You were on level 3 of the Dungeon.
You visited 1 branch of the dungeon, and saw 3 of its levels.

You collected 93 gold pieces.

Inventory:

Hand Weapons
 a - a +0 dagger (weapon)
Armour
 b - a +0 leather armour (worn)
 d - a +0 cloak (worn)
Wands
 f - a wand of flame (17)
Scrolls
 i - a scroll of identify {unknown}
 j - a scroll of acquirement {unknown}
Potions
 c - a potion of cancellation {unknown}
 e - a potion of magic {unknown}
 h - a potion of curing {unknown}


   Skills:
 + Level 0.1 Fighting
 + Level 0.9 Short Blades
 - Level 1.0 Armour
 + Level 2.2 Dodging
 + Level 2.7 Stealth
 + Level 2.5 Spellcasting
 + Level 5.4 Necromancy


You had 2 spell levels left.
You knew the following spells:

 Your Spells              Type           Power      Damage    Failure   Level
a - Pain                  Necr           80%        1d8       2%          1
b - Animate Skeleton      Necr           40%        N/A       2%          1
c - Vampiric Draining     Necr           10%        2d7       8%          3
d - Foxfire               Conj/Fire      8%         2x1d4     24%         1

Your spell library contained the following spells:

 Spells                   Type           Power      Damage    Failure   Level
 Animate Dead             Necr           10%        N/A       26%         4
 Conjure Flame            Conj/Fire      2%         6-21      58%         3
 Ignite Poison            Fire/Tmut/Pois 2%         N/A       58%         3
 Inner Flame              Hex/Fire       2%         N/A       58%         3
 Agony                    Necr           20%        N/A       58%         5
 Sticky Flame             Conj/Fire      2%         2d3       94%         4


Dungeon Overview and Level Annotations

Branches:
Dungeon (3/15)

Altars:
Uskayaw


Innate Abilities, Weirdness & Mutations

You are resistant to damage.
You can heal yourself by infusing magical energy.
You passively map a small area around you.
You do not regenerate.


Message History

You kill the frilled lizard!
Your magical contamination has completely faded away.
Magic restored.
You see here a frilled lizard corpse.
An orc comes into view. It is wielding a +0 dagger.
An orc warrior comes into view. It is wielding a +0 scimitar.
The orc warrior shouts!
The orc shouts!
You hear a shout! x3
Casting: Vampiric Draining (dangerous; 8% risk of failure)
Confirm with . or Enter, or press ? or * to list all spells.
Aiming: Vampiric Draining (dangerous; 8% risk of failure)
Press: ? - help, Shift-Dir - straight line, f - orc warrior
Aim: an orc warrior, wielding a +0 scimitar and wearing a +0 chain mail You draw life force from the orc warrior.
You feel life coursing into your body.
The orc warrior hits you with a +0 scimitar!!
Ouch! That really hurt!
You hear a shout!
Casting: Vampiric Draining (dangerous; 8% risk of failure)
Confirm with . or Enter, or press ? or * to list all spells.
Aiming: Vampiric Draining (dangerous; 8% risk of failure)
Press: ? - help, Shift-Dir - straight line, f/p - orc warrior
Aim: an orc warrior, wielding a +0 scimitar and wearing a +0 chain mail (lightly wounded)
You draw life force from the orc warrior!
You feel life coursing into your body.
The orc warrior hits you with a +0 scimitar!
* * * LOW HITPOINT WARNING * * *
As you read the scroll labelled XEOLIMO RUCKAMP, it crumbles to dust.
You assume a fearsome visage.
The orc warrior looks frightened!
The orc looks frightened!
It was a scroll of fear.
An orc priest comes into view. It is wielding a +0 hand axe.
You barely miss the orc warrior.
The orc warrior is heavily wounded.
The orc priest looks encouraged for a moment.
Cornered, the orc turns to fight!
You completely miss the orc warrior.
The orc warrior is heavily wounded.
You hit the orc but do no damage.
The orc priest invokes the aid of Beogh against you.
Beogh smites you!
You die...

,.............##
* * *
.#####......#* *
#..†.......#
#.########## #.#
, #.# * #.# #
#.####o#
,#...@oo# ,
######## , * , ,
, * * * **


You could see an orc warrior (fleeing), an orc priest and an orc.

Vanquished Creatures
  4 adders (D:2)
  A worm (D:2)
  2 dart slugs (D:2)
  3 ball pythons
  4 endoplasms
  2 giant cockroaches
  7 goblins
  2 hobgoblins (D:2)
  10 jackals
  A quokka (D:1)
  2 bats (D:2)
  4 frilled lizards
  4 kobolds
  2 rats
48 creatures vanquished.

Vanquished Creatures (others)
  2 foxfires (D:2)
2 creatures vanquished.

Grand Total: 50 creatures vanquished

Notes
Turn   | Place    | Note
-------+----------+-------------------------------------------
     0 | D:1      | Sweetruy1997 the Deep Dwarf Necromancer began the quest for
                  | the Orb.
     0 | D:1      | Reached XP level 1. HP: 15/15 MP: 3/3
     2 | D:1      | Learned a level 1 spell: Animate Skeleton
   138 | D:1      | Reached XP level 2. HP: 13/22 MP: 1/4
   179 | D:1      | Reached skill level 5 in Necromancy
   437 | D:1      | You fall into a shaft and drop 1 floor!
   574 | D:2      | Found a faded altar of an unknown god.
   580 | D:2      | Became a worshipper of Uskayaw the Reveller
   580 | D:2      | Reached * piety under Uskayaw
   586 | D:2      | Reached XP level 3. HP: 5/28 MP: 2/5
   590 | D:2      | Learned a level 3 spell: Vampiric Draining
   590 | D:2      | Fell from the grace of Uskayaw
   637 | D:2      | Reached skill level 1 in Armour
  1069 | D:2      | Reached XP level 4. HP: 13/36 MP: 0/7
  1196 | D:2      | Paralysed by the fury of Uskayaw for 4 turns
  1321 | D:2      | Learned a level 1 spell: Foxfire
  1840 | D:2      | You fall into a shaft and drop 1 floor!
  2152 | D:3      | Noticed an orc warrior
  2162 | D:3      | Killed from afar by an orc priest

Illustrated notes

Levels and vault maps discovered:
D:1:      lightli_arrival_isolated_outpost, layout_rooms
D:2:      layout_loops_ring, ebering_ecumenical_altar_mist, grunt_decor_junction
D:3:      layout_basic, zin_statuary

Skill      XL: |  1  2  3 |
---------------+----------+-----
Necromancy     | 5 |  5.4
Armour         | 1 |  1.0
Spellcasting   | 2 |  2.5
Fighting       | |  0.1
Short Blades   | |  0.9
Dodging        | |  2.2
Stealth        | |  2.7

Action                   |  1- 3 |  4- 6 || total
-------------------------+-------+-------++-------
Melee: Dagger            |    96 |    19 ||   115
       Unarmed           |     7 |       ||     7
 Cast: Pain              |    36 |     5 ||    41
       Animate Skeleton  |     2 |     1 ||     3
       Vampiric Draining |     4 |    12 ||    16
       Foxfire           |       |     2 ||     2
Invok: Renounce Religion |     1 |       ||     1
  Use: Scroll            |     1 |     1 ||     2
 Stab: Sleeping          |       |     1 ||     1
Armor: Leather armour    |    51 |     7 ||    58
Dodge: Dodged            |    55 |    14 ||    69

Table legend: (Time is in decaauts)
 A = Elapsed time spent in this place.
 B = Non-inter-level travel time spent in this place.
 C = Inter-level travel time spent in this place.
 D = Time resting spent in this place.
 E = Time spent auto-exploring this place.
 F = Levels seen in this place.
 G = Mean time per level.
                   A        B        C        D        E       F      G
               +--------+--------+--------+--------+--------+-----+--------+
         Total |   2169 |   2110 |     59 |    151 |   1481 |   3 |  723.0 |
       Dungeon |   2169 |   2110 |     59 |    151 |   1481 |   3 |  723.0 |
               +--------+--------+--------+--------+--------+-----+--------+

Top non-repeatable levels by time:
     D:2: 1387 daAuts
     D:1: 701 daAuts
     D:3: 80 daAuts
